AoeStats
← chrispratt99999

Arena

510634167Analyzed
1v1 RM · 1d ago on Oct 1, 2026· 25m 27s· 2 players
Game mode
Random Map
Map size
Tiny (2 player)
Population
200
Speed
Normal
Resources
Standard
Victory
Conquest
Starting age
Dark Age
Ending age
Imperial Age
RankedLock teamsTeams togetherTeam positionsShared explorationLock speedFull tech treeHidden civsTurbo modeCheats
Victory
Defeat
🇺🇾 Burgundians · Uruguay
845
+17
🇦🇷 Slavs · Argentina
866
-46
Opio
6:03 Double-Bit Axe
13:36 Feudal Age
11:48 Horse Collar
12:38 Gold Mining
17:36 Castle Age
16:23 Forging
16:45 Bow Saw
19:50 Wheelbarrow
20:34 Stone Mining
chrispratt99999
11:26 Feudal Age
12:32 Double-Bit Axe
15:12 Castle Age
13:00 Horse Collar
14:18 Gold Mining
14:21 Loom
16:42 Bow Saw
21:41 Sanctity
22:13 Heavy Plow
22:06 Stone Mining
22:55 Gold Shaft Mining
23:03 Redemption
23:14 Atonement
24:11 Town Watch
25:05 Wheelbarrow
Connection lost

Rejoining the realm…

Still unreachable

The connection could not be restored.

Session expired

The server has moved on; the page needs a fresh start.